 Dungeon Crawl Stone Soup version 0.20-a0-1023-gc4d110f (webtiles) character file.

119 Multipenetrator the Skirmisher (level 4, -1/41 HPs)
             Began as a Minotaur Abyssal Knight on Apr 19, 2017.
             Was a Believer of Lugonu.
             Slain by an orc
             ... wielding a +0 mace
              (5 damage)
             ... on level 4 of the Dungeon.
             The game lasted 00:14:13 (1124 turns).

Multipenetrator the Skirmisher (MiAK)               Turns: 1124, Time: 00:14:14

Health: -1/41      AC:  9    Str: 15 (16) XL:     4   Next: 73%
Magic:  4/4        EV:  6    Int:  7 (9)  God:    Lugonu [**....]
Gold:   154        SH:  0    Dex:  8 (11) Spells: 3/3 levels left

rFire    . . .     SeeInvis .   a - +1 spear
rCold    . . .     Gourm    .   (no shield)
rNeg     . . .     Faith    .   f - +0 chain mail
rPois    .         Spirit   .   (helmet restricted)
rElec    .         Reflect  .   (no cloak)
rCorr    .         Harm     .   (no gloves)
MR       .....                  (no boots)
Stlth    ..........             (no amulet)
Regen    0.2/turn               m - ring of flight
MPRegen  0.1/turn               (no ring)

@: no status effects
A: retaliatory headbutt, horns 2
a: Depart the Abyss, Bend Space, Renounce Religion, Evoke Flight


You were on level 4 of the Dungeon.
You worshipped Lugonu.
Lugonu was pleased with you.
You were hungry.

You visited 1 branch of the dungeon, and saw 4 of its levels.
You visited the Abyss 1 time.

You collected 154 gold pieces.

Inventory:

Hand Weapons
 a - a +1 spear (weapon)
Armour
 b - a +0 leather armour
 f - a +0 chain mail (worn)
Jewellery
 m - a ring of flight (left hand)
Wands
 l - a wand of acid (5/15)
Scrolls
 e - a scroll of identify
 k - a scroll of teleportation
 n - a scroll of fear
Potions
 d - a potion of degeneration
Comestibles
 c - 2 bread rations
 g - a royal jelly
 j - a meat ration


   Skills:
 + Level 4.6 Fighting
 + Level 4.1 Polearms
 * Level 3.3 Armour
 + Level 1.2 Dodging
 + Level 0.1 Stealth
 * Level 2.4 Invocations


You had 3 spell levels left.
You didn't know any spells.

Dungeon Overview and Level Annotations

Branches:
Dungeon (4/15)
 Temple: D:4-7

Altars:
Dithmenos
Wu Jian


Innate Abilities, Weirdness & Mutations

You reflexively headbutt those who attack you in melee.
You have a pair of horns on your head.


Message History

You feel weakened.
You feel dopey.
You feel clumsy.
The orc wizard hits you but does no damage.
The orc hits you with a mace.
* * * LOW HITPOINT WARNING * * *
The orc wizard gestures wildly while chanting.
The orc wizard blinks!
The orc hits you but does no damage.
Okay, then.
Attack whom?
Press: ? - help, Dir - move target cursor, f - orc
Aim: an orc, wielding a mace
Okay, then.
As you read the scroll of fog, it crumbles to dust.
The scroll dissolves into smoke.
The orc barely misses you.
The orc wizard mumbles some strange words.
The orc wizard blinks!
The orc wizard hits you with a dagger.
* * * LOW HITPOINT WARNING * * *
The orc hits you with a mace.
You die...

#######.......#.....#............
.....##.......#.....#............
......#.......+.....#............
......#.......#.....#............
......#.......#.....#............
.....## #.....#...####.##..
.....# #...).##+#####.##.. .....#
#.?§§§#...#....#... ######
#.@o§§#...#....#... ..
#o§§§§#...#....#... ..
#§§§§.#...#....#... ..
#§§§..#...###'###.. ..
#...!.#...##...##.. ..
#.....#............ ..
#.....+............
+....#.#...........
#..).._...#########


You could see an orc wizard and an orc.

Vanquished Creatures
  2 orc priests (D:4)
  An adder skeleton (D:4)
  2 worms
  2 dart slugs
  A leopard gecko (D:4)
  12 orcs
  2 bats
  2 goblins
  2 hobgoblins
  3 jackals (D:2)
  2 kobolds (D:2)
  A quokka (D:3)
  A ball python (D:3)
  2 frilled lizards
35 creatures vanquished.

Notes
Turn   | Place    | Note
-------+----------+-------------------------------------------
     0 | Abyss:1  | Multipenetrator the Minotaur Abyssal Knight began the quest for the Orb.
     0 | Abyss:1  | Reached XP level 1. HP: 19/19 MP: 1/1
     4 | D:1      | Escaped the Abyss
   135 | D:2      | Reached XP level 2. HP: 21/27 MP: 2/2
   355 | D:3      | Reached XP level 3. HP: 31/33 MP: 3/3
   363 | D:3      | Reached ** piety under Lugonu
   401 | D:3      | Found a faded altar of an unknown god.
   687 | D:4      | Found a shadowy altar of Dithmenos.
   739 | D:4      | Reached XP level 4. HP: 10/41 MP: 4/4
  1079 | D:4      | Found an ornate altar of the Wu Jian Council.
  1124 | D:4      | Slain by an orc

Vault maps used:
D:1:      dpeg_arrival_arbitrary_c
D:2:      marbit_many_paths, first_bread, st_stairs_7, dk_vineyard_1,
          uniq_crazy_yiuf_cottage, uniq_robin
D:3:      gammafunk_temple_overflow_pools,
          chequers_ecumenical_altar_simple_redux
D:4:      lemuel_crystal_altar, nicolae_dithmenos_shadow_blocks

Skill      XL: |  1  2  3  4 |
---------------+-------------+-----
Fighting       | 4 |  4.6
Invocations    | 2 |  2.4
Polearms       | 3 4 |  4.1
Armour         | 3 |  3.3
Dodging        | |  1.2
Stealth        | |  0.1

Action                   |  1- 3 |  4- 6 || total
-------------------------+-------+-------++-------
Melee: Spear             |   105 |    10 ||   115
       Headbutt          |    16 |     2 ||    18
Invok: Bend Space        |     1 |       ||     1
 Abil: Evoke Flight      |     1 |       ||     1
  Use: Scroll            |     2 |     4 ||     6
       Potion            |     1 |     1 ||     2
Armor: Leather armour    |     7 |       ||     7
       Chain mail        |    14 |    12 ||    26
Dodge: Dodged            |    39 |     5 ||    44
